 Dungeon Crawl Stone Soup version 0.23-a0-395-gcf17ac6c65 (webtiles) character file.

826 Notair the Cleaver (level 7, -1/64 HPs)
             Began as a Minotaur Gladiator on Nov 2, 2018.
             Slain by a killer bee (7 damage)
             ... on level 7 of the Dungeon.
             The game lasted 00:08:19 (4521 turns).

Notair the Cleaver (Minotaur Gladiator)             Turns: 4521, Time: 00:08:19

Health: -1/64      AC:  8    Str: 20    XL:     7   Next: 64%
Magic:  6/6        EV:  8    Int:  5    God:
Gold:   244        SH:  0    Dex: 12    Spells: 6/6 levels left

rFire    . . .     SeeInvis .   a - +0 war axe
rCold    . . .     Gourm    .   (no shield)
rNeg     . . .     Faith    .   q - +0 chain mail
rPois    .         Spirit   .   c - +0 hat
rElec    .         Reflect  .   (no cloak)
rCorr    .         Harm     .   (no gloves)
MR       .....                  (no boots)
Stlth    ..........             (no amulet)
HPRegen  0.20/turn              (no ring)
MPRegen  0.10/turn              (no ring)

@: lethally poisoned (-1 -> -22)
A: retaliatory headbutt, horns 2
a: no special abilities


You were on level 7 of the Dungeon.
You were not hungry.

You visited 1 branch of the dungeon, and saw 5 of its levels.

You collected 244 gold pieces.

Inventory:

Hand Weapons
 a - a +0 war axe (weapon)
 g - a +0 hunting sling
 y - a +0 blowgun
Missiles
 d - 2 throwing nets (quivered)
 h - 114 stones
 s - 20 sling bullets
 z - 18 poisoned needles
Armour
 b - a +0 leather armour
 c - a +0 hat (worn)
 i - a +2 pair of gloves
 p - a +0 ring mail
 q - a +0 chain mail (worn)
Jewellery
 n - an uncursed ring of protection from magic {unknown}
 A - a +1 ring of evasion {unknown}
Scrolls
 l - a scroll of immolation {unknown}
 r - a scroll of enchant armour {unknown}
 t - a scroll of random uselessness {unknown}
 w - a scroll of teleportation {unknown}
 x - a scroll of magic mapping {unknown}
Potions
 e - a potion of haste {unknown}
 j - a potion of mutation {unknown}
 k - a potion of ambrosia {unknown}
 m - a potion of brilliance {unknown}
 o - a potion of curing
 u - a potion of cancellation
 v - a potion of lignification {unknown}
Comestibles
 f - 9 rations


   Skills:
 + Level 6.3 Fighting
 * Level 9.2 Axes
 - Level 2.0 Throwing
 - Level 3.2 Dodging


You had 6 spell levels left.
You didn't know any spells.
Your spell library was empty.

Dungeon Overview and Level Annotations

Branches:
Dungeon (4/15)
 Temple: D:4-7

Altars:
Fedhas


Innate Abilities, Weirdness & Mutations

You reflexively headbutt those who attack you in melee.
You have a pair of horns on your head.


Message History

You feel sick. The killer bee stings you. x2
* * * LOW HITPOINT WARNING * * *
Unknown command.
* * * LOW HITPOINT WARNING * * *
You feel sick.
A killer bee comes into view.
The killer bee stings you!
* * * LOW HITPOINT WARNING * * *
You are more poisoned.
The killer bee poisons you!
You closely miss the killer bee. Your headbutt misses the killer bee.
The killer bee is heavily wounded.
* * * LOW HITPOINT WARNING * * *
You feel very sick.
The killer bee stings you but does no damage.
The killer bee barely misses you.
It was a potion of cancellation.
You feel magically purged.
* * * LOW HITPOINT WARNING * * *
You feel sick. The killer bee stings you!
You die...

#.#..#.#.# #.#..#
#.#..#.#.# .....#
#.##.#.#.# #..#.###
....>#.#.# #......
##.####.#.###..#.# #
..................<#
.#.####.#####..# ..
..####.#####..#.####
........@yyyy....(...
#############..#.###
...............
########.#.#### .# #
.# .# ##


You could see 4 killer bees.

Vanquished Creatures
  Sigmund (D:3)
  A hungry ghost (D:7)
  A centaur (D:7)
  A big kobold (D:7)
  A killer bee (D:7)
  A crimson imp (D:7)
  A jelly (D:7)
  An orc priest (D:7)
  An orc wizard (D:7)
  2 worker ants (D:7)
  7 adders
  An ooze (D:1)
  3 worms (D:2)
  3 dart slugs
  6 leopard geckos
  5 orcs
  8 bats
  6 giant cockroaches
  6 goblins
  11 hobgoblins
  4 jackals (D:3)
  3 quokkas
  2 ball pythons
  7 frilled lizards
  10 kobolds
  8 rats
101 creatures vanquished.

Notes
Turn   | Place    | Note
-------+----------+-------------------------------------------
     0 | D:1      | Notair the Minotaur Gladiator began the quest for the Orb.
     0 | D:1      | Reached XP level 1. HP: 18/18 MP: 0/0
   101 | D:1      | Reached skill level 4 in Axes
   171 | D:1      | Reached XP level 2. HP: 22/25 MP: 1/1
   463 | D:1      | Reached XP level 3. HP: 24/31 MP: 2/2
   916 | D:2      | Reached skill level 5 in Axes
  1301 | D:2      | Reached XP level 4. HP: 31/38 MP: 3/3
  2163 | D:3      | Reached skill level 6 in Axes
  2298 | D:3      | Reached XP level 5. HP: 46/46 MP: 4/4
  2478 | D:3      | Noticed Sigmund
  2490 | D:3      | Killed Sigmund
  2490 | D:3      | Reached skill level 7 in Axes
  2490 | D:3      | Reached XP level 6. HP: 4/55 MP: 5/5
  3170 | D:3      | Found a blossoming altar of Fedhas.
  3508 | D:4      | You fall through a shaft for 3 floors!
  3558 | D:7      | Reached skill level 5 in Fighting
  3650 | D:7      | Noticed a hungry ghost
  3665 | D:7      | Killed a hungry ghost
  3665 | D:7      | Reached skill level 8 in Axes
  3665 | D:7      | Reached XP level 7. HP: 57/61 MP: 6/6
  3692 | D:7      | Paralysed by fainting for 10 turns
  3703 | D:7      | HP: 1/62 [acid (7)]
  4160 | D:7      | Reached skill level 9 in Axes
  4521 | D:7      | Slain by a killer bee

Vault maps used:
D:1:      denvon_arrival_waterhouse
D:2:      chequers_serial_rivers_small_a
D:3:      lemuel_coloured_pillars_altar, uniq_sigmund
D:4:      first_ration, lightli_minifort
D:7:      grunt_livestock

Skill      XL: |  1  2  3  4  5  6  7 |
---------------+----------------------+-----
Axes           | 4 5 6 7 8 9 |  9.2
Fighting       | 3 4 5 6 |  6.3
Throwing       | |  2.0
Dodging        | |  3.2

Action                   |  1- 3 |  4- 6 |  7- 9 || total
-------------------------+-------+-------+-------++-------
Melee: War axe           |    78 |   124 |    47 ||   249
       Headbutt          |     9 |    23 |     7 ||    39
Throw: Throwing net      |       |       |     1 ||     1
  Use: Scroll            |       |     3 |       ||     3
       Potion            |       |     1 |     1 ||     2
 Stab: Held in net/web   |       |       |     1 ||     1
  Eat: Chunk             |     1 |     7 |     2 ||    10
       Ration            |       |       |     1 ||     1
Armor: Leather armour    |    16 |     2 |       ||    18
       Chain mail        |       |    59 |    29 ||    88
       Ring mail         |       |     7 |       ||     7
Dodge: Dodged            |    45 |    40 |    17 ||   102

Table legend:
 A = Non-vault XP
 B = Vault XP
 C = Vault XP percentage of total XP
 D = Non-vault monster count
 E = Vault monster count
 F = Vault count percentage of total count
                 A         B        C        D         E       F
            +---------+---------+-------+---------+---------+-------
      Total |     968 |     212 |  18.0 |     100 |       1 |   1.0
            +---------+---------+-------+---------+---------+-------
        D:1 |      61 |       0 |   0.0 |      32 |       0 |   0.0
        D:2 |      94 |       0 |   0.0 |      27 |       0 |   0.0
        D:3 |      74 |     212 |  74.1 |      21 |       1 |   4.5
        D:4 |      27 |       0 |   0.0 |       6 |       0 |   0.0
        D:7 |     712 |       0 |   0.0 |      14 |       0 |   0.0
            +---------+---------+-------+---------+---------+-------
